TOP OF THE 1ST |
Boise Hawks batting - Pitching for Eugene Emeralds : RHP Carlos Zavala
|
Pitching: RHP Carlos Zavala
|
|
Batting: LHB Steve Gilliam
|
0-0: Called Strike 0-1: Ball 1-1: Foul Ball, location: 2F 1-2: Ball 2-2: Ground out 5-3 (Groundball, 56S, EV 77.5 MPH)
|
Batting: RHB Matt Cone
|
0-0: Called Strike 0-1: Ball 1-1: SINGLE (Groundball, 4MD, EV 96.9 MPH)
|
Batting: LHB Chris Salim
|
0-0: Ball Matt Cone steals 2nd base 1-0: Ball 2-0: Ball 3-0: Called Strike 3-1: Base on Balls
|
Batting: RHB Tyler Stebbins
|
0-0: Foul Ball, location: 2F 0-1: Swinging Strike 0-2: Strikes out swinging
|
Batting: LHB Jeremy Brammer
|
0-0: Ball 1-0: Ball 2-0: Called Strike Passed Ball! Matt Cone to third Chris Salim to second 2-1: Ball 3-1: Called Strike 3-2: Foul Ball, location: 2F 3-2: Strikes out swinging
|
Top of the 1st over - 0 runs, 1 hit, 0 errors, 2 left on base; Boise 0 - Eugene 0 |
BOTTOM OF THE 1ST |
Eugene Emeralds batting - Pitching for Boise Hawks : RHP Stephen Bailey
|
Pitching: RHP Stephen Bailey
|
|
Batting: RHB Du Kim
|
0-0: Ball 1-0: Ball 2-0: Called Strike 2-1: Called Strike 2-2: Fly out, F9 (Line Drive, 9S, EV 86.9 MPH)
|
Batting: RHB Eric Wiss
|
0-0: Ground out 5-3 (Groundball, 56, EV 96.2 MPH)
|
Batting: RHB Taylor Garofalo
|
0-0: Fly out, F7 (Flyball, 7D, EV 101.9 MPH)
|
Bottom of the 1st over - 0 runs, 0 hits, 0 errors, 0 left on base; Boise 0 - Eugene 0 |
TOP OF THE 2ND |
Boise Hawks batting - Pitching for Eugene Emeralds : RHP Carlos Zavala
|
Batting: LHB Eric Zacher
|
0-0: Ball 1-0: Foul Ball, location: 2F 1-1: Ball 2-1: Foul Ball, location: 2F 2-2: SINGLE (Groundball, 4M, EV 98.8 MPH) (infield hit)
|
Batting: RHB Josh Martin
|
0-0: Ball 1-0: Single, Error in OF, E8, batter to second base (Groundball, 6, EV 103.1 MPH) Eric Zacher to third
|
Batting: RHB Chris Kinder
|
0-0: Called Strike 0-1: DOUBLE (Flyball, 8LXD, EV 89.4 MPH) Eric Zacher scores Josh Martin scores
|
Batting: LHB Brian Levensailor
|
0-0: Ball 1-0: Ball 2-0: Ball 3-0: Called Strike 3-1: 2-RUN HOME RUN (Flyball, 9D, EV 103.8 MPH), Distance : 380 ft
|
Batting: LHB Steve Gilliam
|
0-0: Foul Ball, location: 2F 0-1: Called Strike 0-2: Ball 1-2: Ball 2-2: Ball 3-2: Base on Balls
|
Batting: RHB Matt Cone
|
0-0: Called Strike 0-1: Ball Steve Gilliam steals 2nd base 1-1: Ground out U3 (Groundball, 3L, EV 81.2 MPH) Steve Gilliam to third
|
Batting: LHB Chris Salim
|
0-0: Ball 1-0: Hit by Pitch
|
Batting: RHB Tyler Stebbins
|
0-0: Ball 1-0: Ball 2-0: Ball 3-0: Base on Balls Chris Salim to second
|
Batting: LHB Jeremy Brammer
|
0-0: Swinging Strike 0-1: SINGLE (Groundball, P, EV 88.1 MPH) (infield hit) Steve Gilliam scores Chris Salim to third Tyler Stebbins to second
|
Batting: LHB Eric Zacher
|
0-0: Fielders Choice at 2nd, 4-6 (Groundball, 4, EV 87.5 MPH) Chris Salim scores Tyler Stebbins to third
|
Batting: RHB Josh Martin
|
0-0: SINGLE (Line Drive, 89M, EV 94.4 MPH) Tyler Stebbins scores Eric Zacher to second Runner from 2nd tries for 3rd, SAFE, throw by RF made to third
|
Batting: RHB Chris Kinder
|
0-0: Called Strike 0-1: Ball 1-1: Ball Wild Pitch! Eric Zacher scores Josh Martin to second 2-1: Ball 3-1: Foul Ball, location: 2F 3-2: Base on Balls
|
Pitching: RHP Jonathan Ridgely
|
|
Batting: LHB Brian Levensailor
|
0-0: Called Strike 0-1: Called Strike 0-2: SINGLE (Line Drive, 9LS, EV 88.1 MPH) Josh Martin to third Chris Kinder to second Runner from 3rd tries for Home, SAFE, throw by RF to home
|
Batting: LHB Steve Gilliam
|
0-0: Called Strike 0-1: Ball 1-1: Called Strike 1-2: SINGLE (Line Drive, 89S, EV 103.1 MPH) Chris Kinder to third Brian Levensailor to second Runner from 3rd tries for Home, SAFE, throw by RF to home
|
Batting: RHB Matt Cone
|
0-0: Called Strike 0-1: Foul Ball, location: 2F 0-2: Ball 1-2: Ground out U3 (Groundball, 3S, EV 82.5 MPH)
|
Top of the 2nd over - 10 runs, 8 hits, 1 error, 2 left on base; Boise 10 - Eugene 0 |
BOTTOM OF THE 2ND |
Eugene Emeralds batting - Pitching for Boise Hawks : RHP Stephen Bailey
|
Batting: RHB Ryan Bush
|
0-0: Fly out, F9 (Flyball, 9, EV 73.1 MPH)
|
Batting: RHB Bill Holmes
|
0-0: Ground out 3-1 (Groundball, 34S, EV 80.6 MPH)
|
Batting: RHB Tim Long
|
0-0: Called Strike 0-1: Ball 1-1: Ground out 6-3 (Groundball, 56, EV 92.5 MPH)
|
Bottom of the 2nd over - 0 runs, 0 hits, 0 errors, 0 left on base; Boise 10 - Eugene 0 |
TOP OF THE 3RD |
Boise Hawks batting - Pitching for Eugene Emeralds : RHP Jonathan Ridgely
|
Batting: LHB Chris Salim
|
0-0: Foul Ball, location: 2F 0-1: Ball 1-1: Ball 2-1: DOUBLE (Line Drive, 3D, EV 94.4 MPH)
|
Batting: RHB Tyler Stebbins
|
0-0: Ball 1-0: Ball Wild Pitch! Chris Salim to third 2-0: Ball Wild Pitch! Chris Salim scores 3-0: Called Strike 3-1: Ground out 5-3 (Groundball, 56, EV 88.1 MPH)
|
Batting: LHB Jeremy Brammer
|
0-0: Called Strike 0-1: Called Strike 0-2: Ball 1-2: Ball 2-2: Foul Ball, location: 2F 2-2: Foul Ball, location: 2F 2-2: Ball 3-2: Strikes out swinging
|
Batting: LHB Eric Zacher
|
0-0: Called Strike 0-1: Ball 1-1: Called Strike 1-2: SINGLE (Line Drive, 56, EV 103.1 MPH)
|
Batting: RHB Josh Martin
|
0-0: Ball 1-0: Ball 2-0: Ball 3-0: Base on Balls Eric Zacher to second
|
Batting: RHB Chris Kinder
|
0-0: Ball 1-0: Ball 2-0: Fly out, F4 (Popup, 34, EV 61.2 MPH)
|
Top of the 3rd over - 1 run, 2 hits, 0 errors, 2 left on base; Boise 11 - Eugene 0 |
BOTTOM OF THE 3RD |
Eugene Emeralds batting - Pitching for Boise Hawks : RHP Stephen Bailey
|
Batting: RHB Josh Asch
|
0-0: Foul Ball, location: 2F 0-1: Foul Ball, location: 2F 0-2: Ball 1-2: Strikes out swinging
|
Batting: RHB Jerry Blas
|
0-0: Ball 1-0: Ball 2-0: Called Strike 2-1: Ball 3-1: Called Strike 3-2: Strikes out swinging
|
Batting: RHB Alvaro Romero
|
0-0: Called Strike 0-1: Swinging Strike 0-2: Ball 1-2: Strikes out swinging
|
Bottom of the 3rd over - 0 runs, 0 hits, 0 errors, 0 left on base; Boise 11 - Eugene 0 |
TOP OF THE 4TH |
Boise Hawks batting - Pitching for Eugene Emeralds : RHP Jonathan Ridgely
|
Batting: LHB Brian Levensailor
|
0-0: Ball 1-0: TRIPLE (Flyball, 89XD, EV 110.6 MPH)
|
Batting: LHB Steve Gilliam
|
0-0: Called Strike 0-1: Foul Ball, location: 2F 0-2: Ball 1-2: Ball 2-2: Ground out 1-3 (Groundball, 34S, EV 65.0 MPH)
|
Batting: RHB Matt Cone
|
0-0: Called Strike 0-1: Ball 1-1: Ball 2-1: Ball 3-1: Base on Balls
|
Batting: LHB Chris Salim
|
Balk! Brian Levensailor scores Matt Cone to second 0-0: Foul Ball, location: 2F Balk! Matt Cone to third 0-1: Foul Ball, location: 2F 0-2: Foul Ball, location: 2F 0-2: Foul Ball, location: 2F 0-2: Hit by Pitch
|
Batting: RHB Tyler Stebbins
|
0-0: Swinging Strike 0-1: Ball 1-1: 3-RUN HOME RUN (Flyball, 78XD, EV 107.5 MPH), Distance : 417 ft
|
Batting: LHB Jeremy Brammer
|
0-0: Ground out 4-3 (Groundball, 4, EV 87.5 MPH)
|
Batting: LHB Eric Zacher
|
0-0: Foul Ball, location: 2F 0-1: SINGLE (Flyball, 4D, EV 95.0 MPH)
|
Batting: RHB Josh Martin
|
0-0: Called Strike 0-1: Ball 1-1: 2-RUN HOME RUN (Flyball, 9D, EV 95.0 MPH), Distance : 379 ft
|
Batting: RHB Chris Kinder
|
0-0: Fly out, F9 (Flyball, 89M, EV 96.9 MPH)
|
Top of the 4th over - 6 runs, 4 hits, 0 errors, 0 left on base; Boise 17 - Eugene 0 |
BOTTOM OF THE 4TH |
Eugene Emeralds batting - Pitching for Boise Hawks : RHP Stephen Bailey
|
Batting: RHB Du Kim
|
0-0: Ball 1-0: Foul Ball, location: 2F 1-1: Ground out 4-3 (Groundball, 4M, EV 108.1 MPH)
|
Batting: RHB Eric Wiss
|
0-0: Ball 1-0: Ground out 4-3 (Groundball, 4, EV 90.6 MPH)
|
Batting: RHB Taylor Garofalo
|
0-0: Ball 1-0: SINGLE (Groundball, 6MD, EV 104.4 MPH)
|
Batting: RHB Ryan Bush
|
0-0: Called Strike 0-1: Foul Ball, location: 2F 0-2: Ball 1-2: Strikes out looking
|
Bottom of the 4th over - 0 runs, 1 hit, 0 errors, 1 left on base; Boise 17 - Eugene 0 |
TOP OF THE 5TH |
Boise Hawks batting - Pitching for Eugene Emeralds : RHP Jonathan Ridgely
|
Batting: LHB Brian Levensailor
|
0-0: DOUBLE (Flyball, 8RXD, EV 106.9 MPH)
|
Batting: LHB Steve Gilliam
|
0-0: Ball 1-0: Swinging Strike 1-1: Ball 2-1: Ball 3-1: Base on Balls
|
Batting: RHB Matt Cone
|
0-0: Ball 1-0: Called Strike 1-1: Ball 2-1: Ball Wild Pitch! Brian Levensailor to third Steve Gilliam to second 3-1: Base on Balls
|
Batting: LHB Chris Salim
|
0-0: Ball 1-0: Ball 2-0: DOUBLE (Flyball, 8LXD, EV 94.4 MPH) Brian Levensailor scores Steve Gilliam scores Matt Cone to third
|
Batting: RHB Tyler Stebbins
|
0-0: Foul Ball, location: 2F 0-1: Reached on error, E6 (Groundball, 6, EV 105.6 MPH) Matt Cone scores Chris Salim to third
|
Batting: LHB Jeremy Brammer
|
0-0: Ball 1-0: Called Strike 1-1: 3-RUN HOME RUN (Flyball, 9D, EV 99.4 MPH), Distance : 381 ft
|
Batting: LHB Eric Zacher
|
0-0: Ball 1-0: Ground out 4-3 (Groundball, 4, EV 78.1 MPH)
|
Batting: RHB Josh Martin
|
0-0: Ball 1-0: Called Strike 1-1: Called Strike 1-2: Ball 2-2: Ball 3-2: Base on Balls
|
Batting: RHB Chris Kinder
|
0-0: Ball Balk! Josh Martin to second 1-0: Ball 2-0: Called Strike 2-1: Called Strike 2-2: Foul Ball, location: 2F 2-2: Strikes out looking
|
Batting: LHB Brian Levensailor
|
0-0: Ball 1-0: Ball 2-0: Called Strike 2-1: Foul Ball, location: 2F 2-2: Strikes out swinging
|
Top of the 5th over - 6 runs, 3 hits, 1 error, 1 left on base; Boise 23 - Eugene 0 |
BOTTOM OF THE 5TH |
Eugene Emeralds batting - Pitching for Boise Hawks : RHP Stephen Bailey
|
Batting: RHB Bill Holmes
|
0-0: Foul Ball, location: 2F 0-1: Foul Ball, location: 2F 0-2: Ball 1-2: Strikes out swinging
|
Batting: RHB Tim Long
|
0-0: Called Strike 0-1: Foul Ball, location: 2F 0-2: Strikes out looking
|
Batting: RHB Josh Asch
|
0-0: Swinging Strike 0-1: Ball 1-1: Foul Ball, location: 2F 1-2: Ball 2-2: Strikes out swinging
|
Bottom of the 5th over - 0 runs, 0 hits, 0 errors, 0 left on base; Boise 23 - Eugene 0 |
TOP OF THE 6TH |
Boise Hawks batting - Pitching for Eugene Emeralds : RHP Jonathan Ridgely
|
Batting: LHB Steve Gilliam
|
0-0: Ball 1-0: Ball 2-0: Ball 3-0: Foul Ball, location: 2F 3-1: Called Strike 3-2: Base on Balls
|
Batting: RHB Matt Cone
|
0-0: Called Strike 0-1: Fielders Choice at 2nd, 3-6 (Groundball, 34S, EV 84.4 MPH)
|
Batting: LHB Chris Salim
|
0-0: Ball 1-0: Swinging Strike 1-1: Foul Ball, location: 2F 1-2: Fly out, F6 (Popup, 6, EV 62.5 MPH)
|
Batting: RHB Tyler Stebbins
|
0-0: Fielders Choice at 2nd, 5-4 (Groundball, 56, EV 105.6 MPH)
|
Top of the 6th over - 0 runs, 0 hits, 0 errors, 1 left on base; Boise 23 - Eugene 0 |
BOTTOM OF THE 6TH |
Eugene Emeralds batting - Pitching for Boise Hawks : RHP Stephen Bailey
|
Batting: RHB Jerry Blas
|
0-0: Ball 1-0: Called Strike 1-1: Ball 2-1: Ball 3-1: Swinging Strike 3-2: Strikes out swinging
|
Batting: RHB Alvaro Romero
|
0-0: Ball 1-0: Ground out 3-1 (Groundball, 34, EV 77.5 MPH)
|
Batting: RHB Du Kim
|
0-0: Ball 1-0: Ball 2-0: Foul Ball, location: 2F 2-1: Foul Ball, location: 2F 2-2: Ground out 6-3 (Groundball, 6, EV 98.8 MPH)
|
Bottom of the 6th over - 0 runs, 0 hits, 0 errors, 0 left on base; Boise 23 - Eugene 0 |
TOP OF THE 7TH |
Boise Hawks batting - Pitching for Eugene Emeralds : RHP Jonathan Ridgely
|
Batting: LHB Jeremy Brammer
|
0-0: Called Strike 0-1: Ball 1-1: Swinging Strike 1-2: Ball 2-2: Ball 3-2: Strikes out looking
|
Batting: LHB Eric Zacher
|
0-0: Called Strike 0-1: SINGLE (Flyball, 6D, EV 85.0 MPH)
|
Pinch Hitting: SHB Jamie Locke
|
0-0: Ball 1-0: Ball 2-0: SINGLE (Groundball, 34D, EV 106.2 MPH) Eric Zacher to second Runner from 2nd tries for 3rd, SAFE, throw by RF made to third
|
Batting: RHB Chris Kinder
|
0-0: Called Strike 0-1: Ball 1-1: Swinging Strike 1-2: Strikes out swinging
|
Batting: LHB Brian Levensailor
|
0-0: Ground out U3 (Groundball, 34, EV 80.0 MPH)
|
Top of the 7th over - 0 runs, 2 hits, 0 errors, 2 left on base; Boise 23 - Eugene 0 |
BOTTOM OF THE 7TH |
Eugene Emeralds batting - Pitching for Boise Hawks : RHP Stephen Bailey
|
Now at 3B: Jamie Locke
|
|
Batting: RHB Eric Wiss
|
0-0: Called Strike 0-1: Swinging Strike 0-2: Strikes out swinging
|
Batting: RHB Taylor Garofalo
|
0-0: Ball 1-0: Ball 2-0: Called Strike 2-1: Ball 3-1: Base on Balls
|
Batting: RHB Ryan Bush
|
0-0: SINGLE (Line Drive, 9LS, EV 93.8 MPH) Taylor Garofalo to second Runner from 2nd tries for 3rd, SAFE, throw by RF made to third
|
Batting: RHB Bill Holmes
|
0-0: Called Strike 0-1: Ball 1-1: Ball 2-1: Foul Ball, location: 2F 2-2: SINGLE (Flyball, 89S, EV 93.1 MPH) Taylor Garofalo scores Ryan Bush to second
|
Batting: RHB Tim Long
|
0-0: Called Strike 0-1: Fly out, F9 (Flyball, 89S, EV 90.0 MPH)
|
Batting: RHB Josh Asch
|
0-0: Ball 1-0: Called Strike 1-1: Called Strike 1-2: Ball 2-2: Foul Ball, location: 2F 2-2: SINGLE (Groundball, 56D, EV 105.6 MPH) Ryan Bush to third Bill Holmes to second Runner from 3rd tries for Home, SAFE, throw by LF to home Bill Holmes to third Josh Asch to second
|
Batting: RHB Jerry Blas
|
0-0: Ball 1-0: Ball 2-0: Foul Ball, location: 2F 2-1: Ball 3-1: Foul Ball, location: 2F 3-2: Foul Ball, location: 2F 3-2: Foul Ball, location: 2F 3-2: Fly out, F6 (Popup, 6M, EV 53.1 MPH)
|
Bottom of the 7th over - 2 runs, 3 hits, 0 errors, 2 left on base; Boise 23 - Eugene 2 |
TOP OF THE 8TH |
Boise Hawks batting - Pitching for Eugene Emeralds : RHP Jonathan Ridgely
|
Pinch Hitting: LHB Eddie Gonzalez
|
0-0: Ball 1-0: Ball 2-0: Ball 3-0: DOUBLE (Groundball, 3L, EV 105.0 MPH)
|
Batting: RHB Matt Cone
|
0-0: Ball 1-0: Ground out 6-3 (Groundball, 6, EV 85.6 MPH) Eddie Gonzalez to third
|
Batting: LHB Chris Salim
|
0-0: Ball Balk! Eddie Gonzalez scores 1-0: Ball 2-0: Called Strike 2-1: Swinging Strike 2-2: Ball 3-2: Base on Balls
|
Batting: RHB Tyler Stebbins
|
0-0: Fielders Choice at 2nd, 6-4 (Groundball, 6, EV 90.6 MPH)
|
Batting: LHB Jeremy Brammer
|
0-0: Foul Ball, location: 2F 0-1: 2-RUN HOME RUN (Flyball, 89XD, EV 101.2 MPH), Distance : 403 ft
|
Batting: LHB Eric Zacher
|
0-0: Ball 1-0: Ball 2-0: Ball 3-0: Base on Balls
|
Batting: SHB Jamie Locke
|
0-0: Foul Ball, location: 2F 0-1: Ball 1-1: Foul Ball, location: 2F 1-2: Ball 2-2: Strikes out swinging
|
Top of the 8th over - 3 runs, 2 hits, 0 errors, 1 left on base; Boise 26 - Eugene 2 |
BOTTOM OF THE 8TH |
Eugene Emeralds batting - Pitching for Boise Hawks : RHP Stephen Bailey
|
Pitching: RHP Mike Clark
|
|
Now in CF: Eddie Gonzalez
|
|
Batting: RHB Alvaro Romero
|
0-0: Ball 1-0: Foul Ball, location: 2F 1-1: Swinging Strike 1-2: Ball 2-2: Strikes out swinging
|
Batting: RHB Du Kim
|
0-0: Called Strike 0-1: Called Strike 0-2: Strikes out swinging
|
Batting: RHB Eric Wiss
|
0-0: Ball 1-0: Called Strike 1-1: Called Strike 1-2: Strikes out swinging
|
Bottom of the 8th over - 0 runs, 0 hits, 0 errors, 0 left on base; Boise 26 - Eugene 2 |
TOP OF THE 9TH |
Boise Hawks batting - Pitching for Eugene Emeralds : RHP Jonathan Ridgely
|
Batting: RHB Chris Kinder
|
0-0: Ball 1-0: Ball 2-0: Ball 3-0: Base on Balls
|
Batting: LHB Brian Levensailor
|
0-0: Fly out, F7 (Flyball, 7LS, EV 89.4 MPH)
|
Batting: LHB Eddie Gonzalez
|
0-0: Ball 1-0: Fielders Choice at 2nd, 3-6 (Groundball, 34, EV 81.9 MPH)
|
Batting: RHB Matt Cone
|
0-0: SINGLE (Groundball, 6D, EV 103.1 MPH) Eddie Gonzalez to second Runner from 2nd tries for 3rd, OUT! 8-5
|
Top of the 9th over - 0 runs, 1 hit, 0 errors, 1 left on base; Boise 26 - Eugene 2 |
BOTTOM OF THE 9TH |
Eugene Emeralds batting - Pitching for Boise Hawks : RHP Mike Clark
|
Batting: RHB Taylor Garofalo
|
0-0: Foul Ball, location: 2F 0-1: Ball 1-1: Ball 2-1: Ball 3-1: Base on Balls
|
Batting: RHB Ryan Bush
|
0-0: Called Strike 0-1: Called Strike 0-2: Strikes out swinging
|
Batting: RHB Bill Holmes
|
0-0: TRIPLE (Line Drive, 8RXD, EV 107.5 MPH) Taylor Garofalo scores
|
Batting: RHB Tim Long
|
0-0: Called Strike 0-1: Foul Ball, location: 2F 0-2: Ball Wild Pitch! Bill Holmes scores 1-2: Ball 2-2: Strikes out swinging
|
Batting: RHB Josh Asch
|
0-0: Called Strike 0-1: Called Strike 0-2: Ball 1-2: Ball 2-2: Strikes out swinging
|
Bottom of the 9th over - 2 runs, 1 hit, 0 errors, 0 left on base; Boise 26 - Eugene 4 |
|